 Dungeon Crawl Stone Soup version 0.27.1-33-g824d729ab1 (webtiles) character file.

Game seed: 9732419039004279390

9629 Sharkman1231 the Fighter (level 11, -3/87 HPs)
             Began as a Demonspawn Wanderer on Dec 19, 2021.
             Was a High Priest of Okawaru.
             Slain by a cane toad (18 damage)
             ... on level 1 of the Lair of Beasts.
             The game lasted 00:16:58 (16863 turns).

Sharkman1231 the Fighter (Demonspawn Wanderer)     Turns: 16863, Time: 00:16:59

Health: -3/87      AC:  8    Str: 11    XL:     11   Next: 25%
Magic:  17/18      EV: 15    Int: 23    God:    Okawaru [*****.]
Gold:   539        SH:  6    Dex: 14    Spells: 14/20 levels left

rFire    . . .     SeeInvis .   D - +0 lajatang
rCold    . . .     Faith    .   (shield currently unavailable)
rNeg     . . .     Spirit   .   I - +0 steam dragon scales
rPois    .         Reflect  .   n - +0 helmet
rElec    .         Harm     .   (no cloak)
rCorr    .         Rampage  .   j - +0 pair of gloves
Will     .....                  y - +0 pair of boots
Stlth    ++........             (no amulet)
HPRegen  0.24/turn              w - +6 ring of intelligence
MPRegen  0.16/turn              (no ring)

@: no status effects
A: talons 2, large bone plates 2, ignite blood 2, spiny 1
a: Renounce Religion, Heroism, Finesse


You were on level 1 of the Lair of Beasts.
You worshipped Okawaru.
Okawaru was extremely pleased with you.
You visited 3 branches of the dungeon, and saw 12 of its levels.

You collected 539 gold pieces.

Inventory:

Hand Weapons
 a - a +0 club
 b - a +0 dagger of electrocution
 f - a +0 mace
 g - a +2 dagger of electrocution
 v - a +1 dagger of venom
 D - a +0 lajatang (weapon)
Armour
 d - a +0 kite shield
 j - a +0 pair of gloves (worn)
 n - a +0 helmet (worn)
 y - a +0 pair of boots (worn)
 I - +0 steam dragon scales (worn)
Magical Staves
 k - a staff of conjuration
Jewellery
 w - a +6 ring of intelligence (left hand)
Wands
 c - a wand of flame (23)
 C - a wand of mindburst (13)
 E - a wand of paralysis (15)
 H - a wand of digging (4)
Scrolls
 e - a scroll of torment {unknown}
 o - a scroll of magic mapping
 p - 2 scrolls of blinking {unknown}
 q - 2 scrolls of enchant weapon {unknown}
 r - a scroll of silence {unknown}
 u - 2 scrolls of noise
 x - a scroll of brand weapon {unknown}
 z - 2 scrolls of vulnerability {unknown}
 B - a scroll of fog
 J - a scroll of holy word {unknown}
 L - 3 scrolls of amnesia
Potions
 h - a potion of resistance
 i - 3 potions of haste
 l - a potion of berserk rage
 m - a potion of ambrosia
 t - a potion of magic
 A - a potion of brilliance
 F - 2 potions of flight
 G - a potion of curing
 K - a potion of attraction


   Skills:
 + Level 8.9 Fighting
 - Level 2.6 Short Blades
 + Level 4.7 Staves
 + Level 6.8 Dodging
 - Level 1.0 Stealth
 - Level 1.0 Shields
 - Level 5.0 Spellcasting
 - Level 8.0 Ice Magic
 + Level 6.5 Invocations
 + Level 5.0 Evocations


You had 14 spell levels left.
You knew the following spells:

 Your Spells              Type           Power      Damage    Failure   Level
a - Freeze                Ice            100%       1d11      1%          1
b - Ozocubu's Armour      Ice            42%        N/A       1%          3
c - Blink                 Tloc           N/A        N/A       14%         2

Your spell library contained the following spells:

 Spells                   Type           Power      Damage    Failure   Level
 Lesser Beckoning         Tloc           2%         N/A       28%         3
 Manifold Assault         Tloc           5%         N/A       95%         5


Dungeon Overview and Level Annotations

Branches:
Dungeon (10/15)            Temple (1/1) D:6            Lair (1/6) D:10
    Orc (0/2) D:9

Altars:
Ashenzari
Cheibriados
Dithmenos
Elyvilon
Fedhas
Gozag
Hepliaklqana
Kikubaaqudgha
Makhleb
Nemelex Xobeh
Okawaru
Qazlal
Ru
Sif Muna
Trog
Uskayaw
Vehumet
Wu Jian
Xom
Yredelemnul
Zin
The Shining One

Annotations:
D:4 Ijyb
D:6 Maggie
D:7 3 runed translucent doors, nroviw's ghost, novice TrHu


Innate Abilities, Weirdness & Mutations

You have razor-sharp toenails.
You are mostly covered in large bone plates. (SH +6)
Your demonic aura often causes spilled blood to erupt in flames.
You are partially covered in sharp spines.


Message History

Press: ? - help, v - describe, . - travel
Here: a six-headed hydra The floor.
Unknown command.
You feel sick.
The yak bellows!
You hear a bellow!
A yak comes into view. x2
You feel sick. The cane toad stings you!
You are more poisoned.
The cane toad poisons you!
A yak comes into view.
Found a helmet and a scroll of noise.
You feel very sick.
The six-headed hydra is engulfed in blazing flames.
You feel very sick.
You feel very sick.
You feel sick.
You feel sick.
You feel sick.
You feel sick.
You feel sick.
You feel sick.
You feel sick.
You feel sick.
You are no longer poisoned.
Okay, then.
Okay, then.
The cane toad stings you.
* * * LOW HITPOINT WARNING * * *
There is an open door here.
Casting: Freeze (safe; 1% risk of failure)
Confirm with . or Enter, or press ? or * to list all spells.
Aiming: Freeze (safe; 1% risk of failure)
Press: ? - help, Shift-Dir - straight line, f - cane toad
Aim: a cane toad (severely wounded)
You freeze the cane toad!
The cane toad is almost dead.
The cane toad barely misses you. The cane toad stings you!!
You die...

#...# ## #.#.#
.#########...#############
.........#.#.##.....<....#
.........#.#.##..........#
...........P.##..........#
.........#....#..........#
.........#...##..........##
..............#.@.........#
.........#.#..#F.........##
.........#D#.DF..........##
.........#.#.##...........#
♣........FY#.##..........##
.♣♣........#.###'#######.#
♣♣♣..YY....#.# #.# ###
....Y......#.# #.#
..........#..# #.#


You could see a six-headed hydra and 2 cane toads.

Vanquished Creatures
  A two-headed ogre (D:10)
  Joseph (D:7)
  A kobold demonologist (D:9)
  A meliai (D:9)
  A troll (D:10)
  A meliai zombie (D:6)
  2 vampires
  16 yaks
  3 steam dragons (D:9)
  2 water moccasins
  6 black bears
  3 ice beasts
  A hornet zombie (D:6)
  A sky beast (D:5)
  2 necrophages
  2 ogres (D:6)
  5 orc warriors
  3 kobold brigands
  4 bullfrogs
  A gnoll sergeant (D:6)
  5 scorpions
  A wyvern skeleton (D:5)
  A water moccasin skeleton (D:5)
  An electric eel (D:7)
  2 howler monkeys (D:8)
  3 hounds
  9 orc priests
  4 centaur zombies
  A gnoll shaman (D:9)
  2 jellies
  2 bullfrog skeletons
  2 iguanas
  10 orc wizards
  A hound skeleton (D:5)
  2 howler monkey zombies
  7 gnolls
  4 adders
  5 worms
  3 dart slugs (D:3)
  22 orcs
  6 ball pythons
  7 bats
  5 endoplasms
  2 giant cockroaches
  11 goblins
  6 hobgoblins
  5 quokkas
  7 frilled lizards
  17 kobolds
  5 rats
215 creatures vanquished.

Vanquished Creatures (others)
  An orc (D:8)
  39 fungi (D:10)
  31 plants
71 creatures vanquished.

Grand Total: 286 creatures vanquished

Notes
Turn   | Place    | Note
-------+----------+-------------------------------------------
     0 | D:1      | Sharkman1231 the Demonspawn Wanderer began the quest for
                  | the Orb.
     0 | D:1      | Sharkman1231 set off with the following items: a +0 club, a
                  | potion of curing, a +0 robe, a +0 kite shield; and the
                  | following spell memorised: Freeze; and the following spells
                  | available to memorise: Ozocubu's Armour
     0 | D:1      | Reached XP level 1. HP: 15/15 MP: 2/2
   685 | D:1      | Gained mutation: You have sharp toenails. [demonic
                  | ancestry]
   685 | D:1      | Reached XP level 2. HP: 17/21 MP: 3/3
  2125 | D:1      | Gained mutation: Your demonic aura sometimes causes spilled
                  | blood to erupt in flames. [demonic ancestry]
  2125 | D:1      | Reached XP level 3. HP: 26/26 MP: 2/4
  3960 | D:3      | Found a faded altar of an unknown god.
  3975 | D:3      | Gained mutation: You are partially covered in sharp spines.
                  | [demonic ancestry]
  3975 | D:3      | Reached XP level 4. HP: 33/33 MP: 5/5
  4628 | D:4      | Noticed a scorpion
  4632 | D:4      | Killed a scorpion
  4633 | D:4      | Reached XP level 5. HP: 36/41 MP: 2/6
  4672 | D:4      | Noticed Ijyb
  4800 | D:5      | Entered Level 5 of the Dungeon
  5010 | D:5      | Reached XP level 6. HP: 43/48 MP: 7/7
  5240 | D:5      | Reached skill level 5 in Ice Magic
  5362 | D:5      | Noticed an ice beast
  5388 | D:5      | Killed an ice beast
  5617 | D:5      | Gained mutation: You have razor-sharp toenails. [demonic
                  | ancestry]
  5617 | D:5      | Reached XP level 7. HP: 24/55 MP: 8/8
  5800 | D:5      | Reached skill level 5 in Fighting
  7057 | D:6      | Noticed Maggie
  7202 | D:6      | Reached XP level 8. HP: 36/64 MP: 9/9
  7731 | D:6      | Identified the +7 hunting sling "Camo" {venom, rElec rCorr}
  7765 | D:6      | Found a staircase to the Ecumenical Temple.
  8111 | Temple   | Entered the Ecumenical Temple
  8445 | Temple   | Learned a level 3 spell: Ozocubu's Armour
  8448 | Temple   | Learned a level 2 spell: Blink
  8463 | Temple   | Became a worshipper of Warmaster Okawaru
  9692 | D:7      | Reached * piety under Okawaru
  9827 | D:7      | Gained mutation: You are partially covered in large bone
                  | plates. (SH +4) [demonic ancestry]
  9827 | D:7      | Reached XP level 9. HP: 70/71 MP: 12/12
  9843 | D:7      | Found a runed translucent gate.
  9843 | D:7      | Found a runed translucent gate.
  9843 | D:7      | Found an opulent altar of Gozag.
  9845 | D:7      | Noticed nroviw's ghost (novice TrHu)
  9845 | D:7      | Noticed a brown ugly thing
  9846 | D:7      | Found a runed translucent gate.
 10433 | D:7      | Noticed Joseph
 10451 | D:7      | Killed Joseph
 10452 | D:7      | Reached skill level 1 in Staves
 10452 | D:7      | Reached skill level 5 in Dodging
 10452 | D:7      | Reached skill level 1 in Invocations
 10452 | D:7      | Reached skill level 1 in Evocations
 10963 | D:8      | Found a snail-covered altar of Cheibriados.
 11630 | D:8      | Reached ** piety under Okawaru
 11949 | D:8      | Gained mutation: Your demonic aura often causes spilled
                  | blood to erupt in flames. [demonic ancestry]
 11949 | D:8      | Reached XP level 10. HP: 23/80 MP: 14/16
 12862 | D:9      | Reached *** piety under Okawaru
 15038 | D:9      | Reached skill level 5 in Invocations
 15171 | D:9      | Reached **** piety under Okawaru
 15411 | D:9      | Found a staircase to the Orcish Mines.
 15467 | D:10     | Entered Level 10 of the Dungeon
 15619 | D:10     | Reached skill level 5 in Spellcasting
 15893 | D:10     | Found a staircase to the Lair.
 15921 | D:10     | Noticed a two-headed ogre
 15941 | D:10     | Killed a two-headed ogre
 15941 | D:10     | Reached ***** piety under Okawaru
 15942 | D:10     | Gained mutation: You are mostly covered in large bone
                  | plates. (SH +6) [demonic ancestry]
 15942 | D:10     | Reached XP level 11. HP: 62/87 MP: 9/18
 16318 | D:10     | Received a gift from Okawaru
 16731 | D:10     | Reached skill level 5 in Evocations
 16777 | Lair:1   | Entered Level 1 of the Lair of Beasts
 16830 | Lair:1   | Noticed a six-headed hydra
 16863 | Lair:1   | Slain by a cane toad

Illustrated notes

Levels and vault maps discovered:
D:1:      kennysheep_arrival_seaside, layout_basic, minmay_misc_feat_ornament
D:2:      layout_loops_corners, minmay_fractal_squares_5
D:3:      layout_loops_ring, ebering_ecumenical_altar_ruins,
          kennysheep_cluttered_room, kennysheep_cross_bottleneck,
          wad_rectangle_vault
D:4:      layout_basic, grunt_decor_one_mirror,
          hangedman_abyss_or_decor_lesser_grid, uniq_blork_the_orc, uniq_ijyb
D:5:      layout_layer_cave, kennysheep_generic_room_3
D:6:      layout_basic, minmay_temple_entry_fiery, uniq_maggie
D:7:      layout_loops_ring, ebering_ghost_gozag, minivault_14, uniq_joseph
D:8:      layout_loops_ring, cheibrodos_worm_habitat, minivault_22
D:9:      minmay_inner_zag, layout_cave_pools, david_orc_4
D:10:     wander_river, layout_loops_ring, due_lair_maze_entry_diamond
Temple:   regret_index_temple_sigil_plot
Lair:1:   layout_roguey, nicolae_lair_grove_arrangements, beast_lair_carwin_9

Skill      XL: |  1  2  3  4  5  6  7  8  9 10 11 |
---------------+----------------------------------+-----
Ice Magic      | 2 3 4 5 6 7 8 |  8.0
Fighting       | 2 3 4 5 6 7 8 |  8.9
Dodging        | 3 4 5 6 |  6.8
Spellcasting   | 2 4 5 |  5.0
Staves         | 2 4 |  4.7
Invocations    | 3 6 |  6.5
Evocations     | 2 4 5 |  5.0
Short Blades   | |  2.6
Stealth        | |  1.0
Shields        | |  1.0

Action                   |  1- 3 |  4- 6 |  7- 9 | 10-12 || total
-------------------------+-------+-------+-------+-------++-------
Melee: Club              |    11 |       |       |       ||    11
       Mace              |    83 |    51 |       |       ||   134
       Kick              |    21 |    19 |     1 |       ||    41
       Dagger            |       |    16 |   283 |   226 ||   525
       Lajatang          |       |       |       |    65 ||    65
       Unarmed           |       |       |       |     7 ||     7
 Cast: Freeze            |    29 |    19 |    17 |    11 ||    76
       Ozocubu's Armour  |       |       |       |     2 ||     2
Invok: Heroism           |       |       |     1 |     1 ||     2
Evoke: Wand              |       |       |     4 |     7 ||    11
  Use: Scroll            |       |       |     7 |     6 ||    13
       Potion            |       |       |     3 |     2 ||     5
 Stab: Sleeping          |     2 |     4 |     2 |       ||     8
       Distracted        |     1 |       |       |       ||     1
Armor: Robe              |    24 |    17 |    39 |       ||    80
       Leather armour    |       |       |     9 |     6 ||    15
       Steam dragon scal |       |       |       |    92 ||    92
       Skin              |       |       |       |     9 ||     9
Dodge: Dodged            |    74 |    45 |   144 |   190 ||   453
Block: Other             |       |       |    17 |    47 ||    64
